 Dungeon Crawl Stone Soup version 0.28.0 (webtiles) character file.

Game seed: 13276427238522732779

1683 HallandMoats the Ruffian (level 9, 0/78 HPs)
             Began as a Ghoul Monk on Feb 7, 2022.
             Was a Believer of Okawaru.
             Killed from afar by a steam dragon (8 damage)
             ... with a ball of steam
             ... on level 7 of the Dungeon.
             The game lasted 00:09:02 (6473 turns).

HallandMoats the Ruffian (Ghoul Monk)               Turns: 6473, Time: 00:09:02

Health: 0/78       AC: 13    Str: 17    XL:     9   Next: 2%
Magic:  8/8        EV: 11    Int:  5    God:    Okawaru [**....]
Gold:   347        SH:  0    Dex: 13    Spells: 8/8 levels left

rFire   . . .      SeeInvis .     - Unarmed
rCold   + + .      Faith    .   (no shield)
rNeg    + + +      Spirit   .   b - +0 scale mail
rPois   ∞          Reflect  .   a - +0 helmet
rElec   .          Harm     .   x - +0 cloak
rCorr   .          Rampage  .   (no gloves)
Will    .....                   (no boots)
Stlth   +.........              (no amulet)
HPRegen 0.00/turn               k - ring of protection from cold
MPRegen 0.11/turn               u - +4 ring of protection

@: inhibited regen, very slow
A: claws 1, cold resistance 1, negative energy resistance 3, inhibited
regeneration, torment resistance 2
a: Renounce Religion, Heroism


You were on level 7 of the Dungeon.
You worshipped Okawaru.
Okawaru was pleased with you.
You visited 2 branches of the dungeon, and saw 8 of its levels.
You also visited: Sewer.

You collected 347 gold pieces.

Inventory:

Hand Weapons
 g - a +1 vampiric scimitar
Armour
 a - a +0 helmet (worn)
 b - a +0 scale mail (worn)
 f - a +1 pair of gloves
 m - the +1 leather armour of Xemabrem {rCorr Str+2}
   (You found it on level 7 of the Dungeon)

   Str:       It affects your strength (+2).
   rCorr:     It protects you from acid and corrosion.
 x - a +0 cloak (worn)
Jewellery
 c - a ring of wizardry
 k - a ring of protection from cold (left claw)
 u - a +4 ring of protection (right claw)
 w - a ring of ice
Wands
 i - a wand of polymorph (2)
 v - a wand of digging (6)
Scrolls
 n - a scroll of fog
 p - a scroll of summoning
 q - 2 scrolls of vulnerability
Potions
 d - 3 potions of heal wounds {unknown}
 h - a potion of mutation
 j - 2 potions of flight
 l - 2 potions of lignification
 o - a potion of invisibility {unknown}
 s - 2 potions of might {unknown}
 z - a potion of curing
 A - a potion of degeneration {unknown}


   Skills:
 + Level 6.9 Fighting
 + Level 4.9 Armour
 + Level 5.7 Dodging
 - Level 2.1 Stealth
 + Level 6.9 Unarmed Combat
 + Level 0.0 Invocations


You had 8 spell levels left.
You didn't know any spells.
Your spell library contained the following spells:

 Spells                   Type           Power      Damage    Failure   Level
 Apportation              Tloc           0%         N/A       86%         1
 Dazzling Flash           Conj/Hex       0%         N/A       99%         3
 Ignite Poison            Fire/Tmut/Pois 0%         N/A       99%         3
 Mephitic Cloud           Conj/Pois/Air  0%         N/A       99%         3
 Iskenderun's Mystic Bla  Conj/Tloc      0%         2d3       100%        4
 Freezing Cloud           Conj/Ice/Air   0%         6-21      100%        5
 Eringya's Noxious Bog    Tmut/Pois      0%         N/A       100%        6
 Starburst                Conj/Fire      0%         6d3       100%        6
 Animate Skeleton         Necr           Unusable   N/A       N/A         1
 Summon Small Mammal      Summ           Unusable   N/A       N/A         1
 Summon Forest            Summ/Tloc      Unusable   N/A       N/A         5
 Summon Hydra             Summ           Unusable   N/A       N/A         7

Dungeon Overview and Level Annotations

Branches:
Dungeon (7/15)             Temple (1/1) D:7           Sewer (visited)

Altars:
Nemelex Xobeh
Okawaru
Qazlal
Trog
Yredelemnul
Zin
The Shining One

Annotations:
D:7 1 runed translucent door, Crazy Yiuf, Joseph, Prince Ribbit


Innate Abilities, Weirdness & Mutations

You thrive by killing the living.
You are immune to poison.
You have sharp fingernails.
Your flesh is cold resistant. (rC+)
You are immune to negative energy. (rN+++)
You do not regenerate when monsters are visible.
You are immune to unholy pain and torment.


Message History

The boulder beetle curls into a ball and begins rolling!
The bullfrog hits you.
* * * LOW HITPOINT WARNING * * *
Found a thick smoking staff.
A centaur zombie comes into view.
The bullfrog closely misses you.
The centaur zombie hits you but does no damage.
The centaur zombie kicks you.
* * * LOW HITPOINT WARNING * * *
The bullfrog barely misses you.
Found a scale mail.
The centaur zombie closely misses you. x2
The centaur zombie hits you but does no damage.
The centaur zombie misses you.
An electric eel comes into view.
The bullfrog hits you but does no damage.
The boulder beetle stops rolling and uncurls.
The centaur zombie hits you but does no damage.
The centaur zombie kicks you but does no damage.
Prince Ribbit comes into view.
Found an escape hatch in the floor.
Prince Ribbit gives a loud, deep croak!
The howler monkey hoots and howls with incredible vigour!
A wight comes into view. It is wielding a +4 dagger.
The boulder beetle curls into a ball and begins rolling!
You hear a shout!
You hear an angry buzzing noise.
As you read the scroll of teleportation, it crumbles to dust.
You feel strangely unstable.
The bullfrog hits you but does no damage. x2
Your surroundings suddenly seem different.
Splash!
You fall into the shallow water.
Moving in this stuff is going to be slow.
A steam dragon, a water moccasin, a gnoll shaman and a gnoll come into view.
The gnoll is wielding a +1 halberd of venom.
Found a hand axe.
The steam dragon hisses angrily.
The water moccasin hisses angrily.
The gnoll shaman shouts!
You hear a shout!
The steam dragon breathes steam at you. The ball of steam hits you!
You die...

## .......
#. ...)...
#.#
.....P♣
#..
PD≈.≈P≈
..♣§≈≈≈.≈≈
#P≈§≈≈≈≈≈≈
#.§≈.S≈≈≈P
♣@≈≈≈≈≈≈g
#.♣≈≈.≈≈≈≈
#. .#.♣g.P
## ## # .


You could see a steam dragon (catching breath), a water moccasin, a gnoll shaman
and a gnoll.

Vanquished Creatures
  Sigmund (D:2)
  Eustachio (D:5)
  A water moccasin (D:6)
  Pargi (Sewer)
  An orc warrior (D:7)
  A sky beast (D:5)
  A centaur (D:6)
  A phantom (D:4)
  3 scorpions
  4 wights (D:6)
  2 hounds
  An orc priest (D:6)
  Jessica (D:2)
  2 bullfrog skeletons (D:6)
  Ijyb (D:5)
  2 iguanas
  An orc wizard (D:7)
  6 adders
  2 white imps (D:6)
  5 worms
  2 dart slugs
  13 orcs
  7 ball pythons
  8 endoplasms
  A giant cockroach (D:2)
  4 goblins
  11 hobgoblins
  3 jackals (Sewer)
  9 kobolds
  5 quokkas
  7 bats
  6 frilled lizards
  3 rats
117 creatures vanquished.

Vanquished Creatures (collateral kills)
  An iguana (D:7)
  An orc (D:7)
2 creatures vanquished.

Vanquished Creatures (others)
  13 plants (D:7)
13 creatures vanquished.

Grand Total: 132 creatures vanquished

Notes
Turn   | Place    | Note
-------+----------+-------------------------------------------
     0 | D:1      | HallandMoats the Ghoul Monk began the quest for the Orb.
     0 | D:1      | Reached XP level 1. HP: 19/19 MP: 0/0
   250 | D:1      | Reached XP level 2. HP: 20/26 MP: 1/1
   731 | D:1      | Found a faded altar of an unknown god.
   914 | D:1      | Reached XP level 3. HP: 31/31 MP: 2/2
   920 | D:1      | Reached skill level 1 in Armour
  1147 | D:2      | Noticed Jessica
  1151 | D:2      | Killed Jessica
  1157 | D:2      | Reached XP level 4. HP: 32/40 MP: 3/3
  1359 | D:2      | Noticed Sigmund
  1424 | D:2      | Killed Sigmund
  1425 | D:2      | Reached XP level 5. HP: 34/47 MP: 4/4
  1425 | D:2      | Reached XP level 6. HP: 39/53 MP: 5/5
  2725 | D:4      | Found a glowing drain.
  2745 | Sewer    | Entered a sewer
  2822 | Sewer    | Noticed Pargi
  2836 | Sewer    | Killed Pargi
  2837 | Sewer    | Reached skill level 5 in Fighting
  2837 | Sewer    | Reached skill level 5 in Unarmed Combat
  2837 | Sewer    | Reached XP level 7. HP: 36/61 MP: 6/6
  3383 | D:4      | Found a sparkling altar of Nemelex Xobeh.
  3489 | D:5      | Entered Level 5 of the Dungeon
  3790 | D:5      | Noticed Eustachio
  4216 | D:5      | Noticed Ijyb
  4228 | D:5      | Killed Ijyb
  4478 | D:5      | Found a bloodstained altar of Trog.
  4657 | D:5      | Killed Eustachio
  4658 | D:5      | Reached XP level 8. HP: 42/70 MP: 7/7
  4950 | D:6      | Reached skill level 5 in Dodging
  5214 | D:6      | Identified the +7 great sword of Perversion {holy, rElec
                  | Dex+2}
  6125 | D:7      | Reached XP level 9. HP: 73/78 MP: 8/8
  6146 | D:7      | Found a runed translucent door.
  6147 | D:7      | Noticed Crazy Yiuf
  6197 | D:7      | Found a staircase to the Ecumenical Temple.
  6206 | Temple   | Entered the Ecumenical Temple
  6253 | Temple   | Became a worshipper of Warmaster Okawaru
  6253 | Temple   | Reached * piety under Okawaru
  6253 | Temple   | Reached ** piety under Okawaru
  6426 | D:7      | Identified the +1 leather armour of Xemabrem {rCorr Str+2}
  6426 | D:7      | Noticed a troll
  6427 | D:7      | Noticed a boulder beetle
  6444 | D:7      | Noticed Joseph
  6453 | D:7      | Noticed a cyclops
  6470 | D:7      | Noticed Prince Ribbit
  6473 | D:7      | Killed from afar by a steam dragon

Illustrated notes

Levels and vault maps discovered:
D:1:      evilmike_arrival_crescent, layout_loops_ring,
          shapermc_ecumenical_altar_gd
D:2:      cheibrodos_helix_gallery, layout_rooms, uniq_sigmund, uniq_jessica
D:3:      layout_loops_cross
D:4:      layout_rooms, gammafunk_temple_overflow_statue,
          cheibrodos_sewer_entry_drain
D:5:      layout_basic, trog_book, grunt_decor_clamped, uniq_eustachio,
          uniq_ijyb
D:6:      layout_loops_ring
D:7:      minmay_the_grid_plus [minmay_the_grid_garden, minmay_the_grid_doors,
          minmay_the_grid_mess, minmay_the_grid_embedded,
          minmay_the_grid_prize_inner_circle], layout_rooms, temple_hall,
          serial_bayou, serial_bayou_lagoon_a, serial_bayou_pond_b,
          serial_bayou_lake_a, serial_bayou_pond_e, enter_bailey_8,
          uniq_crazy_yiuf_cottage, uniq_prince_ribbit1, uniq_joseph
Temple:   dpeg_five_rooms_temple

Skill      XL: |  1  2  3  4  5  6  7  8 |
---------------+-------------------------+-----
Dodging        | 3 4 5 |  5.7
Armour         | 1 2 3 4 |  4.9
Fighting       | 4 5 6 |  6.9
Unarmed Combat | 4 5 6 |  6.9
Stealth        | |  2.1

Action                   |  1- 3 |  4- 6 |  7- 9 || total
-------------------------+-------+-------+-------++-------
Melee: Unarmed           |    76 |   190 |   261 ||   527
       Punch             |     2 |     6 |     8 ||    16
Invok: Heroism           |       |       |     1 ||     1
  Use: Scroll            |       |     6 |    11 ||    17
       Potion            |       |       |     1 ||     1
Armor: Scale mail        |    41 |    95 |   178 ||   314
Dodge: Dodged            |    31 |   100 |   184 ||   315
